 Dungeon Sprint DCSS version 0.28-a0-390-gb254ac4902 (webtiles) character file.

Game seed: 2173320985574014142

406 MikeHunt the Chiller (level 6, -8/51 HPs)
             Began as a Demonspawn Ice Elementalist on Sept 3, 2021.
             Was an Initiate of Sif Muna.
             Mangled by a human (16 damage)
             ... in the Dungeon (Sprint III: "The Ten Rune Challenge").
             The game lasted 00:04:19 (939 turns).

MikeHunt the Chiller (Demonspawn Ice Elementalist)   Turns: 939, Time: 00:04:19

Health: -8/51      AC:  2    Str:  9    XL:     6   Next: 56%
Magic:  4/13       EV: 12    Int: 18    God:    Sif Muna [......]
Gold:   23         SH:  0    Dex: 13    Spells: 3/14 levels left

rFire   . . .      SeeInvis .     - Unarmed
rCold   . . .      Faith    .   (no shield)
rNeg    . . .      Spirit   .   a - +0 robe
rPois   .          Reflect  .   (no helmet)
rElec   .          Harm     .   (no cloak)
rCorr   .          Rampage  .   (no gloves)
Will    .....      NoTele   +   (no boots)
Stlth   ++........              (no amulet)
HPRegen 0.17/turn               (no ring)
MPRegen 0.26/turn               (no ring)

@: freezing walls
A: claws 1, foul stench 2, magic regeneration
a: Renounce Religion


You were in the Dungeon.
You worshipped Sif Muna.
Sif Muna was noncommittal.
You visited 1 branch You collected 23 gold pieces.

Inventory:

Armour
 a - a +0 robe (worn)
Wands
 i - a wand of flame (19)
Scrolls
 c - 2 scrolls of torment {unknown}
 h - a scroll of enchant armour {unknown}
 j - 2 scrolls of identify
 l - a scroll of immolation {unknown}
Potions
 b - a potion of curing
 d - a potion of haste
 e - 2 potions of magic
 k - 6 potions of mutation
 m - a potion of flight {unknown}


   Skills:
 + Level 5.3 Fighting
 - Level 1.7 Dodging
 - Level 1.7 Stealth
 - Level 7.0 Unarmed Combat
 - Level 4.8 Spellcasting
 + Level 5.3 Conjurations
 + Level 7.7 Ice Magic


You had 3 spell levels left.
You knew the following spells:

 Your Spells              Type           Power      Damage    Failure   Level
a - Hailstorm             Conj/Ice       28%        3d8       9%          4
b - Frozen Ramparts       Ice            64%        1d8       1%          3
e - Freeze                Ice            100%       1d11      1%          1
x - Ozocubu's Armour      Ice            32%        N/A       1%          3

Your spell library contained the following spells:

 Spells                   Type           Power      Damage    Failure   Level
 Mephitic Cloud           Conj/Pois/Air  10%        N/A       19%         3
 Corpse Rot               Necr/Air       N/A        N/A       21%         2
 Poisonous Vapours        Pois/Air       8%         N/A       21%         2
 Ignite Poison            Fire/Tmut/Pois 4%         N/A       38%         3
 Freezing Cloud           Conj/Ice/Air   10%        6-21      52%         5
 Bolt of Magma            Conj/Fire/Erth 5%         4d5       87%         5


Dungeon Overview and Level Annotations

Branches:
Dungeon (1/1)

Altars:
Dithmenos
Kikubaaqudgha
Okawaru
Ru
Sif Muna
Trog
Uskayaw
Vehumet
Wu Jian
Yredelemnul
Beogh


Innate Abilities, Weirdness & Mutations

You have sharp fingernails.
You sometimes emit foul miasma when damaged in melee.
You regenerate magic rapidly.


Message History

Confirm with . or Enter, or press ? or * to list all spells.
Aiming: Freeze (safe; 1% risk of failure)
Press: ? - help, Shift-Dir - straight line, f/p - human
Aim: a human (moderately wounded, strong)
You freeze the human!
The human is heavily wounded.
The wall freezes the human.
The human hits you from afar with a +0 spear!
The wall freezes the human.
The human hits you!
Casting: Freeze (safe; 1% risk of failure)
Confirm with . or Enter, or press ? or * to list all spells.
Aiming: Freeze (safe; 1% risk of failure)
Press: ? - help, Shift-Dir - straight line, f/p - human
Aim: a human (severely wounded, strong)
You freeze the human!
The human is almost dead.
The wall freezes the human.
The human hits you from afar with a +0 spear!
The wall freezes the human.
You kill the human!
Sif Muna accepts your kill.
The wall freezes the human.
The human hits you from afar with a +0 spear!
* * * LOW HITPOINT WARNING * * *
Your Fighting skill gained 2 levels and is now at level 5!
Your Conjurations skill gained 2 levels and is now at level 5!
Your Ice Magic skill increases to level 7!
Unknown command.
Okay, then.
Unknown command.
Casting: Freeze (safe; 1% risk of failure)
Confirm with . or Enter, or press ? or * to list all spells.
Casting: Hailstorm (dangerous; 9% risk of failure)
Press: ? - help, Dir - look around, f - activate A cannonade of hail descends around you!
The hail pelts the human!!
The human is severely wounded.
The wall freezes the human.
The human hits you from afar with a +0 spear!
You die...

▓▓ ▓▓▓ .#### ##.#
######## ....#####..#
#___#__# .....#..#..#
#_p #)_#
##...#..#..###+#'###†##
###..##'#..#....@.....#
)##..###...'.⌠........#
##..####...#...######+#
##..###....#.⌠.#
#...##.....#...#
....#......#'###
..##.#.....#.).#
..#####....#___# ▓▓▓
▓▓▓▓▓▓▓▓▓▓


You could see a human (berserk).

Vanquished Creatures
  A necrophage (D)
  A water elemental (D)
  Jessica (D)
  A wizard (D)
  A necromancer (D)
  A kobold demonologist (D)
  2 humans (D)
  A phantom (D)
  2 endoplasms (D)
11 creatures vanquished.

Notes
Turn   | Place    | Note
-------+----------+-------------------------------------------
     0 | D        | MikeHunt the Demonspawn Ice Elementalist began the quest
                  | for the Orb.
     0 | D        | Reached XP level 1. HP: 13/13 MP: 3/3
    24 | D        | Noticed Jessica
    36 | D        | Killed Jessica
    37 | D        | Gained mutation: You may rarely emit foul miasma when
                  | damaged in melee. [demonic ancestry]
    37 | D        | Reached XP level 2. HP: 19/19 MP: 1/7
    37 | D        | Gained mutation: You have sharp fingernails. [demonic
                  | ancestry]
    37 | D        | Reached XP level 3. HP: 24/24 MP: 1/9
   111 | D        | Learned a level 3 spell: Frozen Ramparts
   115 | D        | Learned a level 3 spell: Ozocubu's Armour
   290 | D        | Noticed a water elemental
   310 | D        | Killed a water elemental
   311 | D        | Gained mutation: You sometimes emit foul miasma when
                  | damaged in melee. [demonic ancestry]
   311 | D        | Reached XP level 4. HP: 21/30 MP: 4/10
   474 | D        | Found a radiant altar of Vehumet.
   475 | D        | Found a shimmering blue altar of Sif Muna.
   475 | D        | Found an ancient bone altar of Kikubaaqudgha.
   475 | D        | Noticed a wizard
   478 | D        | Killed a wizard
   479 | D        | Reached skill level 5 in Ice Magic
   479 | D        | Reached XP level 5. HP: 11/35 MP: 6/12
   772 | D        | Learned a level 4 spell: Hailstorm
   797 | D        | Found a basalt altar of Yredelemnul.
   797 | D        | Found a shadowy altar of Dithmenos.
   797 | D        | Found a sacrificial altar of Ru.
   797 | D        | Noticed a necrophage
   801 | D        | Reached skill level 1 in Fighting
   801 | D        | Reached skill level 1 in Conjurations
   805 | D        | Killed a necrophage
   806 | D        | Gained mutation: You regenerate magic rapidly. [demonic
                  | ancestry]
   806 | D        | Reached XP level 6. HP: 28/47 MP: 4/13
   852 | D        | Became a worshipper of Sif Muna the Loreminder
   933 | D        | Found a hide-covered altar of Uskayaw.
   933 | D        | Found an iron altar of Okawaru.
   934 | D        | Found a bloodstained altar of Trog.
   934 | D        | Found an ornate altar of the Wu Jian Council.
   934 | D        | Noticed a human
   935 | D        | Noticed a human
   938 | D        | Killed a human
   939 | D        | Reached skill level 5 in Fighting
   939 | D        | Reached skill level 5 in Conjurations
   939 | D        | Mangled by a human

Illustrated notes

Levels and vault maps discovered:
D:        dungeon_sprint_mu [sprint_mu_entry_cave, sprint_mu_temple_rooms,
          sprint_mu_d1_spiders, sprint_mu_d2_genie, sprint_mu_d3_branching,
          sprint_mu_orc_legion, sprint_mu_elf_gauntlet, sprint_mu_hive_nellie,
          sprint_mu_lair_fedhas, sprint_mu_vaults_butterflies,
          sprint_mu_slime_circle, sprint_mu_shoals_archi,
          sprint_mu_snake_twists, sprint_mu_blade_basic,
          sprint_mu_crypt_fortress, sprint_mu_tomb_spiral,
          sprint_mu_vestibule_basic, sprint_mu_gehenna_hellfire,
          sprint_mu_dis_giant, sprint_mu_tartarus_statrot,
          sprint_mu_cocytus_islands, sprint_mu_zot1]

Skill      XL: |  1  2  3  4  5  6 |
---------------+-------------------+-----
Spellcasting   | 4 |  4.8
Ice Magic      | 4 5 6 7 |  7.7
Unarmed Combat | 6 7 |  7.0
Fighting       | 3 5 |  5.3
Conjurations   | 3 5 |  5.3
Dodging        | |  1.7
Stealth        | |  1.7

Action                   |  1- 3 |  4- 6 || total
-------------------------+-------+-------++-------
Melee: Unarmed           |    15 |     1 ||    16
 Cast: Freeze            |     8 |    12 ||    20
       Frozen Ramparts   |     3 |     4 ||     7
       Hailstorm         |       |     1 ||     1
  Use: Potion            |     2 |       ||     2
       Scroll            |       |     1 ||     1
Armor: Robe              |     1 |     3 ||     4
Dodge: Dodged            |     8 |    10 ||    18

Table legend: (Time is in decaauts)
 A = Elapsed time spent in this place.
 B = Non-inter-level travel time spent in this place.
 C = Inter-level travel time spent in this place.
 D = Time resting spent in this place.
 E = Time spent auto-exploring this place.
 F = Levels seen in this place.
 G = Mean time per level.
                   A        B        C        D        E       F      G
               +--------+--------+--------+--------+--------+-----+--------+
         Total |    950 |    950 |      0 |    650 |     26 |   1 |  950.0 |
       Dungeon |    950 |    950 |      0 |    650 |     26 |   1 |  950.0 |
               +--------+--------+--------+--------+--------+-----+--------+

Top non-repeatable levels by time:
       D: 950 daAuts
